 Dungeon Crawl Stone Soup version 0.18-a0-1343-g48c8f86 (webtiles) character file.

238 M4edhros the Insei (level 5, -1/41 HPs)
             Began as a Mummy Monk on Feb 16, 2016.
             Slain by a killer bee (8 damage)
             ... on level 4 of the Dungeon.
             The game lasted 00:04:35 (4420 turns).

M4edhros the Insei (Mummy Monk)                     Turns: 4420, Time: 00:04:36

Health: -1/41      AC:  3    Str: 14    XL:     5   Next: 78%
Magic:  5/5        EV:  8    Int:  9    God:
Gold:   93         SH:  0    Dex: 16    Spells: 0 memorised, 4 levels left

rFire  x . .     SeeInvis .       - Unarmed
rCold  + . .     Gourm    .     (no armour)
rNeg   + + +     Faith    .     (no shield)
rPois  ∞         Spirit   .     (no helmet)
rElec  .         Dismiss  .     (no cloak)
rCorr  .         Reflect  .     (no gloves)
SustAt .         Harm     .     c - +2 pair of boots {Stlth+}
MR     .....                    (no amulet)
Stlth  ++++......               (no ring)
                                (no ring)

@: not resistant to hostile enchantments, stealthy
A: no food or potions, fire vulnerability, cold resistance 1, negative energy
resistance 3, torment resistance, unbreathing
a: no special abilities


You were on level 4 of the Dungeon.
You were not hungry.

You visited 1 branch of the dungeon, and saw 4 of its levels.

You collected 93 gold pieces.

Inventory:

Armour
 c - a +2 pair of boots of stealth (worn)
Scrolls
 a - a scroll of remove curse {unknown}
 b - a scroll of enchant weapon {unknown}
 d - 2 scrolls of random uselessness {unknown}
 e - 2 scrolls of teleportation {unknown}
 f - 2 scrolls of amnesia {unknown}
 g - 2 scrolls of identify {unknown}
 i - a scroll of fog {unknown}
 j - a scroll of recharging {unknown}
 k - a scroll of immolation {unknown}
Comestibles
 h - 2 bread rations


   Skills:
 - Level 3.0 Fighting
 - Level 2.4 Dodging
 + Level 3.9 Stealth
 + Level 4.8 Unarmed Combat


You had 4 spell levels left.
You didn't know any spells.

Dungeon Overview and Level Annotations

Branches:
Dungeon (4/15)
 Temple: D:4-7

Altars:
Cheibriados
Elyvilon
Gozag
Pakellas
Sif Muna
Vehumet
Yredelemnul
The Shining One

Annotations:
D:3 Furikabute's ghost, weakling DDFi


Innate Abilities, Weirdness & Mutations

You do not eat or drink.
Your flesh is vulnerable to fire.
You are immune to poison.
Your flesh is cold resistant.
You are immune to negative energy.
You are immune to unholy pain and torment.
You can survive without breathing.


Message History

The killer bee is lightly wounded.
The killer bee stings you! The killer bee closely misses you.
A killer bee comes into view.
The killer bee buzzes angrily.
You hear an angry buzzing noise.
The killer bee buzzes angrily.
The killer bee barely misses you. The killer bee stings you.
A killer bee comes into view.
The killer bee stings you. The killer bee stings you!
The killer bee barely misses you.
A crimson imp comes into view.
The crimson imp shouts!
The killer bee misses you.
There is a stone staircase leading down here.
The killer bee barely misses you. The killer bee stings you.
The killer bee stings you!
* * * LOW HITPOINT WARNING * * *
The killer bee stings you.
* * * LOW HITPOINT WARNING * * *
The killer bee stings you!
You die...

. ### .# #.# #. .#.## .#
#.# #. #.#..# .###'##
#.##...... .#..(.#
###.....5...
.#....#######..........#.
.#.......................
.................y.....#.
.#....†####.#.##@y.......
.#.....# #.#.##y#.......
.#.....# #.#.##y#...#.#
.#.....####.........[#
...............#.........
.###.#.######.##.##...##.
.!...............$ ...#
.###.#.#####....... ..#
.# #.#.# #........###


You could see 4 killer bees and a crimson imp.

Vanquished Creatures
  A scorpion (D:4)
  2 worker ants (D:4)
  3 adders
  3 gnolls
  A worm (D:2)
  5 giant geckos
  2 orcs
  10 bats
  A giant cockroach (D:1)
  4 goblins
  10 hobgoblins
  7 jackals
  2 ball pythons (D:3)
  3 giant newts
  11 kobolds
  11 rats
76 creatures vanquished.

Notes
Turn   | Place    | Note
--------------------------------------------------------------
     0 | D:1      | M4edhros the Mummy Monk began the quest for the Orb.
     0 | D:1      | Reached XP level 1. HP: 18/18 MP: 1/1
   603 | D:1      | Reached XP level 2. HP: 24/24 MP: 2/2
  1453 | D:2      | Reached XP level 3. HP: 29/29 MP: 3/3
  1600 | D:2      | Found a white marble altar of Elyvilon.
  1642 | D:2      | Found an opulent altar of Gozag.
  1786 | D:2      | Found a radiant altar of Vehumet.
  1915 | D:2      | Found a basalt altar of Yredelemnul.
  1978 | D:2      | Found a faded altar to an unknown god.
  2031 | D:2      | Reached skill level 4 in Unarmed Combat
  2807 | D:3      | Found an oddly glowing altar of Pakellas.
  2828 | D:3      | Reached XP level 4. HP: 25/35 MP: 4/4
  3025 | D:3      | Noticed Furikabute's ghost (weakling DDFi)
  3804 | D:3      | Found a deep blue altar of Sif Muna.
  3968 | D:3      | Found a glowing golden altar of the Shining One.
  3991 | D:3      | Found a snail-covered altar of Cheibriados.
  4215 | D:4      | Reached XP level 5. HP: 29/41 MP: 5/5
  4420 | D:4      | Slain by a killer bee

Vault maps used:
D:1:      dpeg_arrival_solitude, minmay_ruptured
D:2:      kennysheep_ying_yang, lemuel_crystal_altar, vehumet_crystals,
          ecumenical_altar_2
D:3:      tso_oasis_becter, grunt_temple_overflow_open,
          nicolae_overflow_crystal_walls
D:4:      kiku_gazebo_garden_becter, minmay_temple_entry_steel_oval

Action                   |  1- 3 |  4- 6 || total
-------------------------+-------+-------++-------
Melee: Unarmed           |   237 |   118 ||   355
 Stab: Sleeping          |    12 |     4 ||    16
       Distracted        |       |     1 ||     1
